 Dungeon Crawl Stone Soup version 0.24.0-13-gcf9b319 (webtiles) character file.

Game seed: 5933278637271970805, levelgen mode: deterministic

30 Bronimir the Twirler (level 3, -3/28 HPs)
             Began as a Gnoll Wanderer on Apr 12, 2020.
             Slain by Robin
             ... wielding a +0 trident
              (5 damage)
             ... on level 2 of the Dungeon.
             The game lasted 00:03:45 (1099 turns).

Bronimir the Twirler (Gnoll Wanderer)               Turns: 1099, Time: 00:03:45

Health: -3/28      AC:  3    Str: 12    XL:     3   Next: 20%
Magic:  3/3        EV: 13    Int: 15    God:
Gold:   53         SH:  0    Dex: 16    Spells: 3/3 levels left

rFire    . . .     SeeInvis .   a - +2 dagger
rCold    . . .     Gourm    .   (no shield)
rNeg     . . .     Faith    .   f - +0 robe
rPois    .         Spirit   .   l - +0 helmet
rElec    .         Reflect  .   (no cloak)
rCorr    .         Harm     .   (no gloves)
MR       .....                  (no boots)
Stlth    ++........             (no amulet)
HPRegen  0.09/turn              (no ring)
MPRegen  0.08/turn              (no ring)

@: no status effects
A: distributed training, fangs 1, strong nose
a: no special abilities


You were on level 2 of the Dungeon.
You were not hungry.

You visited 1 branch of the dungeon, and saw 2 of its levels.

You collected 53 gold pieces.

Inventory:

Hand Weapons
 a - a +2 dagger (weapon)
 b - a +1 hunting sling of freezing
 c - a +0 quarterstaff
 e - a +0 dagger
 i - a +3 mace of protection
Missiles
 d - 10 poisoned darts (quivered)
 j - 92 stones
 o - 12 bolts
Armour
 f - a +0 robe (worn)
 l - a +0 helmet (worn)
Scrolls
 h - a scroll of enchant armour {unknown}
 k - 4 scrolls of fear {unknown}
 m - a scroll of teleportation {unknown}
Potions
 n - a potion of berserk rage {unknown}
 p - a potion of heal wounds
Comestibles
 g - a ration


   Skills:
 + Level 2.5 Fighting
 + Level 0.6 Short Blades
 + Level 0.6 Long Blades
 + Level 2.5 Axes
 + Level 0.6 Maces & Flails
 + Level 0.6 Polearms
 + Level 6.5 Staves
 + Level 0.6 Slings
 + Level 0.6 Bows
 + Level 0.6 Crossbows
 + Level 2.5 Throwing
 + Level 2.5 Armour
 + Level 2.5 Dodging
 + Level 2.3 Stealth
 + Level 2.5 Shields
 + Level 0.6 Unarmed Combat
 + Level 0.6 Spellcasting
 + Level 0.4 Conjurations
 + Level 0.4 Hexes
 + Level 0.4 Charms
 + Level 0.4 Summonings
 + Level 0.4 Necromancy
 + Level 0.4 Translocations
 + Level 0.4 Transmutations
 + Level 0.4 Fire Magic
 + Level 0.4 Ice Magic
 + Level 0.4 Air Magic
 + Level 0.4 Earth Magic
 + Level 0.4 Poison Magic
 + Level 0.8 Invocations
 + Level 0.6 Evocations


You had 3 spell levels left.
You didn't know any spells.
Your spell library was empty.

Dungeon Overview and Level Annotations

Branches:
Dungeon (2/15)

Altars:

Annotations:
D:2 Robin


Innate Abilities, Weirdness & Mutations

Your experience applies equally to all skills.
You have very sharp teeth.
Your uncanny sense of smell can sniff out nearby items.


Message History

You hit Robin but do no damage.
Robin is heavily wounded.
Robin hits you with a +0 trident!
You hit Robin but do no damage.
Robin is heavily wounded.
Robin hits you with a +0 trident!
* * * LOW HITPOINT WARNING * * *
You are too injured to fight recklessly!
You are too injured to fight recklessly!
You are too injured to fight recklessly!
You hit Robin.
Robin is severely wounded.
You hit Robin.
Robin is severely wounded.
Robin hits you with a +0 trident.
* * * LOW HITPOINT WARNING * * *
You hit Robin but do no damage.
Robin is severely wounded.
Robin hits you with a +0 trident.
You die...

∆ #####
#+######...
......g..#
.......@†#
.......†<#
....######
... .


You could see Robin.

Vanquished Creatures
  A dart slug (D:1)
  5 bats (D:1)
  A giant cockroach (D:1)
  3 hobgoblins (D:1)
  2 kobolds (D:1)
  A frilled lizard (D:1)
  12 goblins
  A rat (D:1)
26 creatures vanquished.

Notes
Turn   | Place    | Note
-------+----------+-------------------------------------------
     0 | D:1      | Bronimir the Gnoll Wanderer began the quest for the Orb.
     0 | D:1      | Bronimir set off with the following items: a +2 dagger, a
                  | potion of heal wounds, a +0 quarterstaff, 10 poisoned
                  | darts, a +0 dagger, a +0 robe, a ration
     0 | D:1      | Reached XP level 1. HP: 17/17 MP: 1/1
   149 | D:1      | Reached XP level 2. HP: 19/23 MP: 2/2
   808 | D:2      | Noticed Robin
   839 | D:1      | Reached XP level 3. HP: 12/28 MP: 3/3
  1099 | D:2      | Slain by Robin

Levels and vault maps discovered:
D:1:      dpeg_arrival_radiant, layout_basic
D:2:      layout_basic, kennysheep_okawaru_gauntlet, uniq_robin, uniq_jessica

Action                   || total
-------------------------++-------
Melee: Dagger            ||    72
       Bite              ||     7
 Stab: Sleeping          ||     3
  Eat: Chunk             ||     1
Armor: Robe              ||    10
Dodge: Dodged            ||    59
